 Dungeon Crawl Stone Soup version 0.21.1-1-g345015f (webtiles) character file.

48 goulibeur the Unweaver (level 3, 0/29 HPs)
             Began as a Demonspawn Abyssal Knight on July 9, 2018.
             Was a Follower of Lugonu.
             Slain by a goblin
             ... wielding a +0 dagger
             ... led by Robin
              (2 damage)
             ... on level 2 of the Dungeon.
             The game lasted 00:04:06 (1269 turns).

goulibeur the Unweaver (Demonspawn Abyssal Knight)  Turns: 1269, Time: 00:04:06

Health: 0/29       AC:  3    Str: 12    XL:     3   Next: 50%
Magic:  5/5        EV: 11    Int: 13    God:    Lugonu [*.....]
Gold:   44         SH:  0    Dex: 13    Spells: 2/2 levels left

rFire    . . .     SeeInvis +   a - +1 short sword
rCold    . . .     Gourm    .   (no shield)
rNeg     . . .     Faith    .   b - +0 leather armour
rPois    .         Spirit   .   (helmet restricted)
rElec    .         Reflect  .   (no cloak)
rCorr    .         Harm     .   (no gloves)
MR       +....                  (no boots)
Stlth    +.........             (no amulet)
HPRegen  0.09/turn              h - ring of see invisible
MPRegen  0.09/turn              m - ring of protection from magic

@: no status effects
A: antennae 2
a: Depart the Abyss, Renounce Religion


You were on level 2 of the Dungeon.
You worshipped Lugonu.
Lugonu was aware of your devotion.
You were not hungry.

You visited 1 branch of the dungeon, and saw 2 of its levels.
You visited the Abyss 1 time.

You collected 44 gold pieces.

Inventory:

Hand Weapons
 a - a +1 short sword (weapon)
Armour
 b - a +0 leather armour (worn)
Jewellery
 h - a ring of see invisible (left hand)
 m - a ring of protection from magic (right hand)
Scrolls
 f - 3 scrolls of teleportation {unknown}
 g - a scroll of remove curse {unknown}
 i - a scroll of amnesia {unknown}
Potions
 e - a potion of ambrosia {unknown}
 j - a potion of might {unknown}
 k - a potion of heal wounds {unknown}
 l - a potion of curing {unknown}
Comestibles
 c - 7 rations
 d - a chunk of flesh


   Skills:
 + Level 3.3 Fighting
 - Level 1.7 Short Blades
 + Level 2.2 Armour
 + Level 1.4 Dodging
 * Level 3.8 Invocations


You had 2 spell levels left.
You didn't know any spells.

Dungeon Overview and Level Annotations

Branches:
Dungeon (1/15)

Altars:
Okawaru


Innate Abilities, Weirdness & Mutations

You have a pair of antennae on your head.


Message History

The hobgoblin hits you.
* * * LOW HITPOINT WARNING * * *
The goblin no longer looks unusually strong.
The goblin completely misses you. The goblin hits you but does no damage.
Found 22 poisoned needles.
An adder comes into view.
The adder hisses angrily.
A goblin comes into view. It is wielding a dagger.
The goblin shouts!
A goblin and a hobgoblin come into view.
The hobgoblin shouts!
The goblin shouts!
The goblin unwields an uncursed dagger.
The goblin wields a hunting sling.
The goblin shoots a stone.
The stone closely misses you.
The stone closely misses the goblin.
The stone hits the goblin.
The goblin completely misses you.
The hobgoblin hits you but does no damage.
The goblin hits you with a dagger.
You die...

##.#......######.#
#.#..#g.##
##)#g##gg{###
#...g#{{....#
##..##..###..#
#...##.## .....
#######..###g##
......
#...≈g≈....gg.#
.....
#.8.≈≈≈.....g@#
.(S.
#8_8......(...#
....
#.8.≈≈≈......##
#..$≈g≈........
#######...#####
..### #..


You could see 2 hobgoblins and 4 goblins.

Vanquished Creatures
  Robin (D:2)
  2 dart slugs (D:1)
  2 leopard geckos
  4 bats
  A giant cockroach (D:1)
  6 goblins
  4 hobgoblins
  2 kobolds (D:1)
  7 frilled lizards
  A rat (D:1)
30 creatures vanquished.

Notes
Turn   | Place    | Note
-------+----------+-------------------------------------------
     0 | Abyss:1  | goulibeur the Demonspawn Abyssal Knight began the quest for the Orb.
     0 | Abyss:1  | Reached XP level 1. HP: 18/18 MP: 2/2
     5 | Abyss:1  | Found a corrupted altar of Lugonu.
    51 | Abyss:1  | Noticed a thrashing horror
    52 | D:1      | Escaped the Abyss
    67 | D:1      | Reached skill level 1 in Dodging
   283 | D:1      | Gained mutation: You have a pair of small antennae on your head. [demonic ancestry]
   283 | D:1      | Reached XP level 2. HP: 10/24 MP: 2/4
   884 | D:1      | Gained mutation: You have a pair of antennae on your head. [demonic ancestry]
   884 | D:1      | Reached XP level 3. HP: 22/29 MP: 5/5
  1085 | D:1      | You fall through a shaft!
  1214 | D:2      | Found an iron altar of Okawaru.
  1226 | D:2      | Noticed Robin
  1238 | D:2      | Reached * piety under Lugonu
  1248 | D:2      | Killed Robin
  1256 | D:2      | HP: 1/29 [hobgoblin[Robin] (4)]
  1269 | D:2      | Slain by a goblin

Skill      XL: |  1  2 |
---------------+-------+-----
Dodging        | 1 |  1.4
Invocations    | 3 |  3.8
Armour         | 2 |  2.2
Fighting       | |  3.3
Short Blades   | |  1.7

Action                   || total
-------------------------++-------
Melee: Short sword       ||    97
Invok: Depart the Abyss  ||     1
  Eat: Chunk             ||     1
Armor: Leather armour    ||    32
Dodge: Dodged            ||    64
